 Dungeon Crawl Stone Soup version 0.29.1-15-g9cfb28693d (webtiles) character file.

Game seed: 15796903832044346161

791 javelincjr the Magician (level 7, -2/52 HPs)
             Began as a Demonspawn Hedge Wizard on Apr 6, 2023.
             Slain by an orc knight
             ... wielding a +0 war axe
              (11 damage)
             ... in a bailey.
             The game lasted 00:22:37 (3886 turns).

javelincjr the Magician (Demonspawn Hedge Wizard)   Turns: 3886, Time: 00:22:37

Health: -2/52      AC: 10    Str: 12    XL:     7   Next: 57%
Magic:  6/22       EV: 12    Int: 17    God:
Gold:   183        SH:  4    Dex: 13    Spells: 9/14 levels left

rFire   . . .      SeeInvis .   C - +7 whip of Obaffuin {freeze, rN+ Int+2}
rCold   . . .      Faith    .   (no shield)
rNeg    + . .      Spirit   .   b - +0 robe
rPois   .          Reflect  .   c - +0 hat
rElec   .          Harm     .   D - +2 cloak
rCorr   .          Rampage  .   i - +0 pair of gloves
Will    .....                   (no boots)
Stlth   ++........              (no amulet)
HPRegen 0.17/turn               j - +4 ring of protection
MPRegen 0.18/turn               y - ring of magical power

@: attractive, on blink cooldown
A: sturdy frame 1, condensation shield, demonic touch 1
a: no special abilities


You were in a bailey.
You visited 1 branch of the dungeon, and saw 6 of its levels.
You also visited: Bailey.

You collected 183 gold pieces.

Inventory:

Hand Weapons
 a - a +0 dagger
 C - the +7 whip of Obaffuin (weapon) {freeze, rN+ Int+2}
   (You found it on level 2 of the Dungeon)

   It freezes those it strikes, dealing additional cold damage.
   It can also slow down cold-blooded creatures.
   Int:       It affects your intelligence (+2).
   rN:        It protects you from negative energy.
Armour
 b - a +0 robe (worn)
 c - a +0 hat (worn)
 i - a +0 pair of gloves (worn)
 r - a +0 cloak
 D - a +2 cloak (worn)
Jewellery
 j - a +4 ring of protection (left hand)
 s - a ring of protection from fire
 y - a ring of magical power (right hand)
Scrolls
 f - 6 scrolls of teleportation {unknown}
 g - a scroll of torment {unknown}
 h - 8 scrolls of identify {unknown}
 k - a scroll of enchant armour {unknown}
 l - a scroll of fear {unknown}
 m - a scroll of poison {unknown}
 q - 2 scrolls of enchant weapon {unknown}
 t - a scroll of silence {unknown}
 u - a scroll of summoning {unknown}
 w - a scroll of amnesia {unknown}
 A - a scroll of blinking {unknown}
 B - 3 scrolls of noise {unknown}
 E - 2 scrolls of butterflies {unknown}
Potions
 d - a potion of magic
 n - a potion of brilliance
 z - 2 potions of flight
 F - a potion of cancellation


   Skills:
 * Level 3.4 Fighting
 + Level 1.8 Maces & Flails
 + Level 2.1 Armour
 + Level 2.9 Dodging
 - Level 2.0 Stealth
 * Level 4.4 Spellcasting
 + Level 2.9 Conjurations
 + Level 2.7 Summonings
 + Level 2.4 Translocations


You had 9 spell levels left.
You knew the following spells:

 Your Spells              Type           Power      Damage    Failure   Level
a - Magic Dart            Conj           52%        1d5       4%          1
b - Call Imp              Summ           13%        N/A       8%          2
c - Blink                 Tloc           24%        N/A       9%          2

Your spell library contained the following spells:

 Spells                   Type           Power      Damage    Failure   Level
 Slow                     Hex            12%        N/A       16%         1
 Conjure Flame            Conj/Fire      8%         6-21      26%         3
 Mephitic Cloud           Conj/Pois/Air  7%         N/A       30%         3


Dungeon Overview and Level Annotations

Branches:
Dungeon (7/15)             Bailey (1/1)
 Temple: D:4-7

Altars:
Yredelemnul

Shops:
D:1 (


Innate Abilities, Weirdness & Mutations

Your movements are slightly less encumbered by armour. (ER -2)
A meltable shield of frost defends you. (SH +4)
Your touch may inflict minor irresistible damage on your foes.


Message History

You hit the orc knight but do no damage.
The orc knight is lightly wounded.
You feel stable enough to blink again.
The orc knight hits you with a +0 war axe!
* * * LOW HITPOINT WARNING * * *
You feel much better. The orc knight barely misses you.
You flicker for a moment.
You feel yourself speed up.
The orc knight hits you with a +0 war axe!
You closely miss the orc knight. Your touch misses the orc knight.
The orc knight is lightly wounded.
You closely miss the orc knight. Your touch misses the orc knight.
The orc knight is lightly wounded.
The orc knight barely misses you.
You barely miss the orc knight.
You touch the orc knight!
The orc knight is moderately wounded.
The orc knight is attracted toward you.
You strike the helpless orc knight from behind!
You hit the orc knight. You freeze the orc knight.
The orc knight is heavily wounded.
You barely miss the orc knight.
The orc knight is heavily wounded.
The orc knight hits you with a +0 war axe!
* * * LOW HITPOINT WARNING * * *
Casting: Blink (safe; 9% risk of failure)
Confirm with . or Enter, or press ? or * to list all spells.
You blink.
You flicker back into view.
The orc knight is attracted toward you.
It was a potion of flight.
You feel very buoyant.
You fly up into the air.
It was a potion of cancellation.
Your magical effects are unravelling.
You feel magically purged.
You feel yourself slow down.
You float gracefully downwards.
You feel a little less mighty now.
The orc knight hits you with a +0 war axe!
You die...

#....)..# ##.....##
####'## ##.....##
#.......#
##.......##
#....)....#
##.........##
#######..@o.⌠.....#
##.....##.........##
#.......#.........#
##.......##)......##
+.......))).......#
##......)..##.....##
#.....⌠.....#######
#.........##
#.........#


You could see an orc knight.

Vanquished Creatures
  A sky beast (D:6)
  2 orc warriors (Bailey)
  A kobold brigand (D:7)
  A bullfrog (D:7)
  A necrophage (D:7)
  2 hounds
  An orc wizard (D:7)
  4 adders
  A gnoll (Bailey)
  4 dart slugs
  A worm (D:2)
  6 orcs
  4 endoplasms
  2 giant cockroaches (D:3)
  11 goblins
  9 hobgoblins
  6 jackals
  4 quokkas
  9 ball pythons
  7 bats
  3 frilled lizards
  7 kobolds
  2 rats
89 creatures vanquished.

Vanquished Creatures (collateral kills)
  A black bear (D:7)
  3 goblins (Bailey)
  A hobgoblin (Bailey)
  A kobold (D:7)
6 creatures vanquished.

Grand Total: 95 creatures vanquished

Notes
Turn   | Place    | Note
-------+----------+-------------------------------------------
     0 | D:1      | javelincjr the Demonspawn Hedge Wizard began the quest for
                  | the Orb.
     0 | D:1      | Reached XP level 1. HP: 13/13 MP: 4/4
    65 | D:1      | Reached skill level 1 in Translocations
   335 | D:1      | Gained mutation: A meltable shield of frost defends you.
                  | (SH +4) [demonic ancestry]
   335 | D:1      | Reached XP level 2. HP: 19/19 MP: 1/6
   411 | D:1      | Found Zaikhled's Weapon Emporium.
  1186 | D:2      | Reached XP level 3. HP: 25/25 MP: 1/7
  1307 | D:2      | Found a faded altar of an unknown god.
  1365 | D:2      | Reached skill level 1 in Fighting
  1558 | D:2      | Identified the +7 whip of Obaffuin {freeze, rN+ Int+2}
  1583 | D:2      | Learned a level 2 spell: Call Imp
  2211 | D:3      | Gained mutation: Your touch may inflict minor irresistible
                  | damage on your foes. [demonic ancestry]
  2211 | D:3      | Reached XP level 4. HP: 32/32 MP: 9/9
  2604 | D:3      | Learned a level 2 spell: Blink
  3240 | D:4      | Reached skill level 1 in Armour
  3248 | D:4      | Reached XP level 5. HP: 35/37 MP: 10/10
  3299 | D:4      | You fall into a shaft and drop 3 floors!
  3300 | D:7      | Noticed a black bear
  3310 | D:7      | Killed a black bear
  3311 | D:7      | Reached skill level 1 in Maces & Flails
  3367 | D:7      | Found a basalt altar of Yredelemnul.
  3379 | D:7      | Reached XP level 6. HP: 38/44 MP: 11/11
  3392 | D:7      | Reached skill level 4 in Spellcasting
  3411 | D:7      | Noticed a sky beast
  3440 | D:6      | Killed a sky beast
  3441 | D:6      | Gained mutation: Your movements are slightly less
                  | encumbered by armour. (ER -2) [demonic ancestry]
  3441 | D:6      | Reached XP level 7. HP: 37/52 MP: 13/13
  3507 | D:7      | Found a flagged portal.
  3516 | Bailey   | Entered a bailey
  3804 | Bailey   | Noticed an orc knight
  3886 | Bailey   | Slain by an orc knight

Illustrated notes

Levels and vault maps discovered:
D:1:      dpeg_arrival_long_road, layout_rooms, serial_shops,
          nicolae_shop_bloodbath_and_beyond
D:2:      layout_rooms, hellmonk_ecumenical_altar_blasted, grunt_ministairs_9,
          minivault_19, minmay_pentomino_u4
D:3:      layout_loops_corners, kennysheep_cross_room, st_stairs_2
D:4:      layout_layer_cave, lemuel_coloured_pillars_altar,
          mainiacjoe_overflow_brackets, mainiacjoe_overflow_alcove_4
D:6:      layout_basic, lemuel_doored_altar, lemuel_crystal_altar,
          old_standard_altar, mainiacjoe_overflow_six_doors_small,
          hangedman_glass_garden
D:7:      layout_cave_pools, tso_metal_star, nicolae_overflow_hidden_temple,
          enter_bailey_1, minivault_4
Bailey:   bailey_axe_minmay_hex_keep, bailey

Skill      XL: |  1  2  3  4  5  6  7 |
---------------+----------------------+-----
Translocations | 1 2 |  2.4
Stealth        | 2 |  2.0
Dodging        | 2 |  2.9
Fighting       | 1 2 3 |  3.4
Armour         | 1 2 |  2.1
Maces & Flails | 1 |  1.8
Conjurations   | 2 |  2.9
Summonings     | 2 |  2.7
Spellcasting   | 4 |  4.4

Action                   |  1- 3 |  4- 6 |  7- 9 || total
-------------------------+-------+-------+-------++-------
Melee: Dagger            |    74 |       |       ||    74
       Punch             |     1 |     2 |       ||     3
       Whip              |    21 |    64 |    28 ||   113
       Touch             |       |     8 |     7 ||    15
 Cast: Magic Dart        |    89 |    25 |    10 ||   124
       Call Imp          |     1 |     7 |     9 ||    17
       Blink             |       |       |     6 ||     6
  Use: Potion            |       |       |    10 ||    10
 Stab: Sleeping          |       |     1 |       ||     1
       Distracted        |       |     1 |       ||     1
       Invisible         |       |       |     1 ||     1
Armor: Robe              |    37 |    32 |     7 ||    76
Dodge: Dodged            |    74 |    42 |    12 ||   128
Block: Other             |    14 |    18 |     2 ||    34
